 Dungeon Crawl Stone Soup version 0.30.1-3-gfc49f6343a (webtiles) character file.

Game seed: 4692386733447898304

1696 Wiggles the Cleaver (level 8, -2/66 HPs)
             Began as a Minotaur Berserker on July 27, 2023.
             Was an Elder of Trog.
             Succumbed to a kobold's poison
             ... on level 7 of the Dungeon.
             The game lasted 00:10:24 (5425 turns).

Wiggles the Cleaver (Minotaur Berserker)            Turns: 5425, Time: 00:10:24

Health: -2/66      AC: 13    Str: 23    XL:     8   Next: 72%
Magic:  6/7        EV:  9    Int:  4    God:    Trog [****..]
Gold:   344        SH:  0    Dex: 11    Spells: 7/7 levels left

rFire   . . .        b - +3 executioner's axe (freeze)
rCold   . . .        (shield currently unavailable)
rNeg    . . .        z - +3 chain mail
rPois   .            (helmet restricted)
rElec   .            (no cloak)
rCorr   .            (no gloves)
SInv    .            s - +0 pair of boots
Will    .....        v - amulet of guardian spirit Stlth
                     (no ring)
HPRegen 0.31/turn    (no ring)
MPRegen 0.10/turn

%: guardian spirit
@: lethally poisoned (-2 -> -11), slowed, very slow
A: horns 2, retaliatory headbutt
a: Renounce Religion, Berserk, Trog's Hand, Brothers in Arms


You were on level 7 of the Dungeon.
You worshipped Trog.
Trog was greatly pleased with you.
You visited 1 branch of the dungeon, and saw 7 of its levels.

You collected 344 gold pieces.

Inventory:

Hand Weapons
 b - a +3 executioner's axe of freezing (weapon)
Missiles
 d - 4 silver javelins (quivered)
 j - 8 javelins
Armour
 a - a +0 kite shield
 s - a +0 pair of boots (worn)
 z - a +3 chain mail (worn)
Jewellery
 o - a ring of protection from fire
 v - an amulet of guardian spirit (around neck)
 B - a ring of ice
Wands
 e - a wand of flame (23)
 D - a wand of acid (8)
 F - a wand of charming (11)
Scrolls
 g - a scroll of summoning {unknown}
 h - a scroll of noise
 w - a scroll of magic mapping
 y - a scroll of fog
 A - a scroll of blinking
Potions
 c - 4 potions of attraction
 f - a potion of flight
 k - a potion of ambrosia
 n - 4 potions of heal wounds
 p - a potion of invisibility
 t - a potion of magic {unknown}
 u - 2 potions of cancellation {unknown}
 C - a potion of degeneration {unknown}
 E - 2 potions of brilliance


   Skills:
 - Level 3.7 Fighting
 + Level 13.0 Axes
 - Level 2.4 Armour
 - Level 2.2 Dodging
 + Level 1.7 Stealth
 + Level 2.8 Shields
 + Level 0.3 Unarmed Combat


You had 7 spell levels left.
You didn't know any spells.
Your spell library was empty.

Dungeon Overview and Level Annotations

Branches:
Dungeon (7/15)             Temple (0/1) D:6

Altars:
Fedhas
Gozag
Hepliaklqana
Qazlal
Ru
Wu Jian
Xom
Zin

Shops:
D:5 !

Annotations:
D:5 2 transporters, airrhodes1's ghost, amateur MiMo


Innate Abilities, Weirdness & Mutations

You have a pair of horns on your head.
You reflexively headbutt those who attack you in melee.


Message History

You are too injured to fight recklessly!
You are too injured to fight recklessly!
You are too injured to fight recklessly!
You are too injured to fight recklessly!
You feel very sick.
The kobold brigand throws a curare-tipped dart.
The curare-tipped dart hits you.
You are more poisoned.
You have difficulty breathing.
You feel as though you will be slow longer.
The kobold throws a poisoned dart.
The poisoned dart hits you!
You are more poisoned.
You feel extremely sick.
The kobold throws a stone.
The stone barely misses you.
The kobold throws a poisoned dart.
The poisoned dart hits you!
You are lethally poisoned!
* * * LOW HITPOINT WARNING * * *
You feel extremely sick.
You hit the kobold brigand but do no damage.
* * * LOW HITPOINT WARNING * * *
You feel extremely sick.
The kobold brigand completely misses you.
The kobold hits you but does no damage.
The kobold brigand hits you but does no damage.
You barely miss the kobold brigand.
Your headbutt misses the kobold brigand.
You slice the kobold!! You freeze the kobold.
You kill the kobold!
Trog accepts your kill.
* * * LOW HITPOINT WARNING * * *
You feel extremely sick.
The kobold brigand hits you but does no damage.
The kobold throws a stone.
The stone closely misses you.
The kobold throws a stone.
The stone completely misses you.
The kobold brigand completely misses you.
You furiously retaliate!
You headbutt the kobold brigand! You closely miss the kobold brigand.
Your headbutt misses the kobold brigand.
The kobold brigand is moderately wounded.
You die...

#..#.... .##.......#
..>##.###..........[#
### .. .###.......#
#.## # #...(...#
#....# #.......#
...>.###.......#
#...........#
######.########
...........@..#
.........K)K......#
##########K########
#..# ##..# .... .....
.....


You could see a kobold brigand and 2 kobolds.

Vanquished Creatures
  A wyvern (D:7)
  A steam dragon (D:6)
  A water moccasin (D:7)
  2 black bears
  An ice beast (D:7)
  2 centaurs
  A scorpion (D:6)
  A howler monkey (D:5)
  4 jellies
  3 orc priests
  3 hounds
  7 iguanas
  An orc wizard (D:6)
  3 gnolls (D:5)
  9 adders
  2 shadow imps (D:6)
  3 ufetubi
  2 worms (D:2)
  3 dart slugs
  21 orcs
  12 ball pythons
  7 endoplasms
  2 giant cockroaches
  4 goblins
  6 hobgoblins
  A jackal (D:4)
  12 kobolds
  2 quokkas
  9 bats
  A frilled lizard (D:3)
  10 rats
  2 butterflies (D:6)
139 creatures vanquished.

Vanquished Creatures (others)
  A hobgoblin (D:6)
1 creature vanquished.

Grand Total: 140 creatures vanquished

Notes
Turn   | Place    | Note
-------+----------+-------------------------------------------
     0 | D:1      | Wiggles the Minotaur Berserker began the quest for the Orb.
     0 | D:1      | Reached XP level 1. HP: 19/19 MP: 0/0
    62 | D:1      | Reached skill level 4 in Axes
    64 | D:1      | Reached XP level 2. HP: 27/27 MP: 1/1
   230 | D:1      | Found a faded altar of an unknown god.
   593 | D:2      | Reached skill level 5 in Axes
   598 | D:2      | Reached XP level 3. HP: 33/33 MP: 2/2
  1176 | D:2      | Reached ** piety under Trog
  1344 | D:3      | Found a glowing silver altar of Zin.
  1558 | D:3      | Reached XP level 4. HP: 40/40 MP: 3/3
  1630 | D:3      | Noticed an earth elemental
  1631 | D:3      | Found a stormy altar of Qazlal.
  1634 | D:3      | Noticed a water elemental
  1634 | D:3      | Noticed a fire elemental
  1634 | D:3      | Noticed an air elemental
  1649 | D:3      | Reached skill level 6 in Axes
  2140 | D:4      | Reached XP level 5. HP: 33/46 MP: 4/4
  2162 | D:4      | Reached skill level 7 in Axes
  2637 | D:4      | Reached skill level 8 in Axes
  2637 | D:4      | Reached XP level 6. HP: 29/52 MP: 2/5
  2895 | D:4      | Reached *** piety under Trog
  2896 | D:4      | Reached skill level 9 in Axes
  3140 | D:4      | Found a blossoming altar of Fedhas.
  3238 | D:5      | Entered Level 5 of the Dungeon
  3279 | D:5      | Reached XP level 7. HP: 58/58 MP: 6/6
  3289 | D:5      | Found Igink's Distillery.
  3308 | D:5      | Reached skill level 1 in Stealth
  3425 | D:5      | Found a hazy altar of Hepliaklqana.
  3441 | D:5      | Noticed a small abomination
  3520 | D:5      | Noticed airrhodes1's ghost (amateur MiMo)
  3534 | D:5      | Noticed a toenail golem
  3563 | D:5      | Reached skill level 10 in Axes
  3588 | D:5      | Found a transporter.
  3606 | D:5      | Found a transporter.
  4255 | D:6      | Reached skill level 11 in Axes
  4255 | D:6      | Reached skill level 1 in Shields
  4328 | D:6      | Reached XP level 8. HP: 66/66 MP: 7/7
  4330 | D:6      | Found a staircase to the Ecumenical Temple.
  4363 | D:6      | Found an opulent altar of Gozag.
  4557 | D:6      | Found a sacrificial altar of Ru.
  4584 | D:6      | Found a shimmering altar of Xom.
  4845 | D:6      | Identified the +0 ring mail of Xebliwn {Harm Rampage rC+
                  | Will+}
  4851 | D:6      | Reached **** piety under Trog
  4861 | D:6      | Reached skill level 12 in Axes
  4867 | D:6      | Identified the +8 long sword "Sadyanwia" {flame, Dex+3}
  4978 | D:6      | Found an ornate altar of the Wu Jian Council.
  5089 | D:6      | Identified a scroll of acquirement
  5089 | D:6      | Acquired a +2 executioner's axe of freezing
  5386 | D:7      | Reached skill level 13 in Axes
  5424 | D:7      | HP: 1/66 [poisoned by a kobold]
  5425 | D:7      | Succumbed to a kobold's poison

Illustrated notes

Levels and vault maps discovered:
D:1:      grunt_arrival_crossed_arrows, layout_basic,
          ebering_ecumenical_altar_petrified
D:2:      layout_loops_ring, serial_bayou_lagoon_a,
          chequers_serial_rivers_small_b, grunt_decor_fettered
D:3:      layout_loops_ring, zin_treasury, nicolae_qazlal_style_of_elements
D:4:      minmay_bubble_buster, layout_basic,
          mainiacjoe_overflow_six_doors_small
D:5:      layout_gridville, mainiacjoe_overflow_24_doors,
          gammafunk_ghost_abyssal_escape, serial_shops, nicolae_shop_crystal
D:6:      layout_rooms, grunt_gozag_statues, tgw_xom, lemuel_round_altar,
          pdpol_wu_jian_five_deadly_venoms, minmay_temple_entry_butterflies
D:7:      layout_rooms, okawaru_trees_1, lemuel_crystal_altar

Skill      XL: |  1  2  3  4  5  6  7  8 |
---------------+-------------------------+-----
Axes           | 4 5 6 8 9 11 13 | 13.0
Stealth        | 1 |  1.7
Shields        | 1 2 |  2.8
Fighting       | |  3.7
Armour         | |  2.4
Dodging        | |  2.2
Unarmed Combat | |  0.3

Action                     |  1- 3 |  4- 6 |  7- 9 || total
---------------------------+-------+-------+-------++-------
  Melee: Hand axe          |    88 |   116 |   108 ||   312
         Headbutt          |     8 |    18 |    20 ||    46
         Punch             |     1 |       |       ||     1
         Executioner's axe |       |       |    13 ||    13
         Unarmed           |       |       |    10 ||    10
  Throw: Javelin           |    12 |     1 |       ||    13
 Invoke: Berserk           |       |     1 |       ||     1
    Use: Scroll            |       |       |    17 ||    17
         Potion            |       |       |     3 ||     3
 Armour: Chain mail        |    28 |    54 |    87 ||   169
         Ring mail         |     1 |       |       ||     1
         Animal skin       |     1 |       |       ||     1
  Dodge: Dodged            |    45 |    59 |    53 ||   157
  Block: Kite shield       |       |       |    25 ||    25
